 Dungeon Crawl Stone Soup version 0.21-a0-442-g848f44b (webtiles) character file.

58 kae the Insei (level 3, 0/29 HPs)
             Began as a Draconian Transmuter on Nov 16, 2017.
             Was an Initiate of Okawaru.
             Slain by an orc
             ... wielding a +0 mace
              (1 damage)
             ... on level 3 of the Dungeon.
             The game lasted 00:01:48 (2050 turns).

kae the Insei (Draconian Transmuter)                Turns: 2050, Time: 00:01:49

Health: 0/29       AC:  5    Str: 12    XL:     3   Next: 76%
Magic:  5/6        EV: 11    Int: 13    God:    Okawaru [......]
Gold:   101        SH:  4    Dex: 12    Spells: 3/6 levels left

rFire    . . .     SeeInvis .     - Unarmed
rCold    . . .     Gourm    .   h - +1 buckler
rNeg     . . .     Faith    .   (armour unavailable)
rPois    .         Spirit   .   (helmet restricted)
rElec    .         Reflect  .   (no cloak)
rCorr    .         Harm     .   (no gloves)
MR       .....                  (no boots)
Stlth    ++........             (no amulet)
HPRegen  0.09/turn              g - ring of stealth
MPRegen  0.10/turn              (no ring)

@: lethally poisoned (0 -> -3)
A: unfitting armour, cold-blooded, AC +5
a: Renounce Religion


You were on level 3 of the Dungeon.
You worshipped Okawaru.
Okawaru was noncommittal.
You were not hungry.

You visited 1 branch of the dungeon, and saw 3 of its levels.

You collected 101 gold pieces.

Inventory:

Missiles
 a - 106 arrows
Armour
 h - a +1 buckler (worn)
Jewellery
 g - a ring of stealth (left hand)
Scrolls
 e - a scroll of enchant armour
 i - a scroll of teleportation {unknown}
 n - a scroll of remove curse
Potions
 f - 3 potions of haste
 j - a potion of ambrosia
 m - a potion of degeneration {unknown}
Books
 b - a book of Changes

   Spells                             Type                      Level
   a - Beastly Appendage              Transmutation                1
   b - Sticks to Snakes               Transmutation                2
   c - Spider Form                    Transmutation/Poison         3
   d - Ice Form                       Ice/Transmutation            4
   e - Blade Hands                    Transmutation                5
Comestibles
 c - 3 bread rations
 d - a chunk of flesh
 k - 3 fruits


   Skills:
 + Level 1.7 Fighting
 - Level 1.7 Dodging
 + Level 0.4 Shields
 * Level 3.5 Unarmed Combat
 + Level 2.4 Spellcasting
 * Level 2.7 Transmutations
 + Level 0.5 Invocations


You had 3 spell levels left.
You knew the following spells:

 Your Spells              Type           Power        Failure   Level  Hunger
a - Beastly Appendage     Tmut           #.....       12%         1    #......
b - Sticks to Snakes      Tmut           #.......     19%         2    ###....


Dungeon Overview and Level Annotations

Branches:
Dungeon (3/15)

Altars:
Okawaru
Uskayaw
Vehumet


Innate Abilities, Weirdness & Mutations

Your plain brown scales are hard. (AC +5)
You cannot fit into any form of body armour.
You are cold-blooded and may be slowed by cold attacks.


Message History

Your adder closely misses the adder.
The orc misses your adder. You block the orc's attack.
You hit the adder.
You kill the adder!
Okawaru accepts your kill. The orc hits you.
* * * LOW HITPOINT WARNING * * *
You swap places.
Your adder bites the orc but does no damage.
The orc closely misses your adder.
Your adder bites the orc but does no damage.
The orc hits you with a mace.
* * * LOW HITPOINT WARNING * * *
The orc misses you.
You completely miss the orc.
You tail-slap the orc, but do no damage.
The orc misses your adder.
Your adder bites the orc.
The orc hits you.
* * * LOW HITPOINT WARNING * * *
The orc hits you with a mace.
You die...

#.............####.........
#..........#..........#....
#####......................
######...#.............
#######...)................
#.........#.(#..>..........
#.......................?..
#.........##o#............
#.........##@##..........
#.........##So..รท.....#.
#..>......##.o.######.#
#########......# .#
#......#####.##
#......(.)...#
#.....######## #.....#
#<....#####


You could see 3 orcs and a friendly adder.

Vanquished Creatures
  An adder (D:3)
  An ooze (D:3)
  A worm (D:2)
  A dart slug (D:2)
  A leopard gecko (D:1)
  A ball python (D:2)
  6 bats
  3 goblins
  4 hobgoblins
  3 jackals (D:1)
  5 kobolds
  2 quokkas
  6 frilled lizards
  6 rats
41 creatures vanquished.

Notes
Turn   | Place    | Note
-------+----------+-------------------------------------------
     0 | D:1      | kae the Draconian Transmuter began the quest for the Orb.
     0 | D:1      | Reached XP level 1. HP: 16/16 MP: 3/3
   267 | D:1      | Reached XP level 2. HP: 23/23 MP: 5/5
   380 | D:1      | Learned a level 2 spell: Sticks to Snakes
   606 | D:1      | Found an iron altar of Okawaru.
   623 | D:1      | Became a worshipper of Warmaster Okawaru
  1026 | D:2      | Found a radiant altar of Vehumet.
  1060 | D:2      | Reached XP level 3. HP: 17/28 MP: 6/6
  1214 | D:2      | Found an iron altar of Okawaru.
  1497 | D:2      | Found a hide-covered altar of Uskayaw.
  2050 | D:3      | HP: 1/29 [orc (2)]
  2050 | D:3      | Slain by an orc

Vault maps used:
D:1:      shiori_arrival_maze, corexii_hall_statues_l, okawaru_ov_weapons_minmay
D:2:      lemuel_upstairs_altar, lemuel_round_altar, vehumet_crystals,
          lemuel_crystal_altar, first_bread
D:3:      trog_butcher_becter

Action                   || total
-------------------------++-------
Melee: Unarmed           ||   169
       Headbutt          ||     3
       Tailslap          ||    16
       Kick              ||     6
 Cast: Beastly Appendage ||     7
       Sticks to Snakes  ||     1
  Use: Scroll            ||     4
       Potion            ||     1
 Stab: Sleeping          ||     2
  Eat: Chunk             ||     4
Armor: Skin              ||    52
Dodge: Dodged            ||   105
Block: Buckler           ||    18

Table legend:
 A = Spawn XP
 B = Non-spawn XP
 C = Spawn XP percentage of total XP
 D = Spawn monster count
 E = Non-spawn monster count
 F = Spawn count percentage of total count
 G = Total turns spent on level
                    A         B        C        D         E        F      G
               +---------+---------+-------+---------+---------+-------+---------
         Total |       0 |      84 |   0.0 |       0 |      41 |   0.0 |  2050
               +---------+---------+-------+---------+---------+-------+---------
           D:1 |       0 |      28 |   0.0 |       0 |      17 |   0.0 |   957
           D:2 |       0 |      28 |   0.0 |       0 |      14 |   0.0 |   734
           D:3 |       0 |      28 |   0.0 |       0 |      10 |   0.0 |   359
               +---------+---------+-------+---------+---------+-------+---------
